 Dungeon Sprint DCSS version 0.31.0-32-g396128a36d (webtiles) character file.

Game seed: 15567609913403110719

55 boopmooplesden the Trooper (level 3, -8/55 HPs)
             Began as a Minotaur Fighter on Mar 18, 2024.
             Was a Believer of Trog.
             Mangled by an orc warrior
             ... wielding a +0 battleaxe
              (10 damage)
             ... in the Dungeon (Sprint VII: "The Pits").
             The game lasted 00:00:30 (87 turns).

boopmooplesden the Trooper (Minotaur Fighter)         Turns: 87, Time: 00:00:31

Health: -8/55      AC:  7    Str: 22    XL:     3   Next: 67%
Magic:  2/2        EV:  9    Int:  5    God:    Trog [**....]
Gold:   0          SH:  0    Dex:  9    Spells: 2/2 levels left

rFire   . . .        a - +0 war axe
rCold   . . .        c - +0 buckler
rNeg    . . .        b - +0 scale mail
rPois   .            (helmet restricted)
rElec   .            (no cloak)
rCorr   .            (no gloves)
SInv    .            (no boots)
Will    .....        (no amulet) Stlth
                     (no ring)
HPRegen 0.29/turn    (no ring)
MPRegen 0.08/turn

%: no teleportation
@: confused, berserking (expiring), very quick
A: horns 2, retaliatory headbutt
a: Renounce Religion, Berserk, Trog's Hand


You were in the Dungeon.
You worshipped Trog.
Trog was pleased with you.
You visited 1 branch

Inventory:

Hand Weapons
 a - a +0 war axe (weapon)
 k - a +2 hand axe
Armour
 b - a +0 scale mail (worn)
 c - a +0 buckler (worn)
Scrolls
 j - a scroll of blinking
 m - 2 scrolls of vulnerability
 n - 5 scrolls of amnesia
 o - a scroll of summoning
Potions
 d - a potion of might
 e - a potion of curing
 f - a potion of heal wounds
 g - a potion of haste
 h - 4 potions of magic
 i - 3 potions of berserk rage
 l - 2 potions of invisibility


   Skills:
 + Level 5.9 Fighting
 + Level 3.7 Axes
 + Level 5.9 Armour
 + Level 0.4 Dodging
 + Level 5.9 Shields


You had 2 spell levels left.
You didn't know any spells.
Your spell library was empty.

Dungeon Overview and Level Annotations

Branches:
Dungeon (1/1)

Altars:
Cheibriados
Dithmenos
Elyvilon
Fedhas
Gozag
Hepliaklqana
Makhleb
Nemelex Xobeh
Okawaru
Qazlal
Ru
Sif Muna
Trog
Vehumet
Wu Jian
Xom
Yredelemnul
Zin
The Shining One
Jiyva
Lugonu


Innate Abilities, Weirdness & Mutations

You have a pair of horns on your head.
You reflexively headbutt those who attack you in melee.


Message History

Trog accepts your kill.
You can now call upon Trog for regeneration and willpower.
Your Axes skill increases to level 3!
You have reached level 3!
Your experience leads to an increase in your attributes!
Increase (S)trength, (I)ntelligence, or (D)exterity?
You feel stronger. x2
The kobold hits you but does no damage.
You slice the kobold!!
You kill the kobold!
Trog accepts your kill. You block the orc warrior's attack.
There is an open door here.
Things that are here:
a +0 dagger; a kobold corpse You closely miss the orc warrior.
You headbutt the orc warrior!
The orc warrior is moderately wounded.
The orc warrior hits you with a +0 battleaxe!!
You closely miss the orc warrior.
The orc warrior is moderately wounded.
You barely miss the orc wizard. You slash the orc warrior!
Your headbutt misses the orc warrior.
The orc warrior is heavily wounded.
You slash the orc wizard!
You kill the orc wizard!
Trog accepts your kill.
Trog appreciates your killing of a magic user.
The orc warrior hits you with a +0 battleaxe!
* * * LOW HITPOINT WARNING * * *
You hit the orc warrior.
The orc warrior is heavily wounded.
The orc warrior hits you with a +0 battleaxe.
* * * LOW HITPOINT WARNING * * *
You closely miss the orc warrior.
The orc warrior is heavily wounded.
You slash the orc wizard!
The orc wizard points at you and mumbles some strange words.
You are confused.
The orc warrior hits you with a +0 battleaxe!
You die...

______...###########+
##########'##..........
#..(.')))'.##......#..#
##########.##..........
#...........'..........
+#####†#####......#..#
#...#.# #..........
#..o#.# ####'#####+
#..o@.# #.......#
##'#### #.......#
#...o.# #.......#
#...b.# #...<...#
#....o.. #.......#
#....o...##.......#
###########.......#
#########


You could see an orc warrior and an orc wizard.

Vanquished Creatures
  An orc wizard (D)
  A river rat (D)
  An adder (D)
  An ufetubus (D)
  2 bats (D)
  An endoplasm (D)
  A kobold (D)
  A quokka (D)
9 creatures vanquished.

Notes
Turn   | Place    | Note
-------+----------+-------------------------------------------
     0 | D        | boopmooplesden the Minotaur Fighter began the quest for the
                  | Orb.
     0 | D        | Reached XP level 1. HP: 19/19 MP: 0/0
    42 | D        | Found a glowing golden altar of the Shining One.
    42 | D        | Found a glowing silver altar of Zin.
    42 | D        | Found a basalt altar of Yredelemnul.
    42 | D        | Found a shimmering altar of Xom.
    42 | D        | Found an ornate altar of the Wu Jian Council.
    42 | D        | Found a bloodstained altar of Trog.
    42 | D        | Found a shimmering blue altar of Sif Muna.
    42 | D        | Found a sacrificial altar of Ru.
    42 | D        | Found a stormy altar of Qazlal.
    42 | D        | Found an iron altar of Okawaru.
    42 | D        | Found a sparkling altar of Nemelex Xobeh.
    42 | D        | Found a burning altar of Makhleb.
    42 | D        | Found a viscous altar of Jiyva.
    42 | D        | Found a hazy altar of Hepliaklqana.
    42 | D        | Found an opulent altar of Gozag.
    42 | D        | Found a blossoming altar of Fedhas.
    42 | D        | Found a white marble altar of Elyvilon.
    42 | D        | Found a shadowy altar of Dithmenos.
    42 | D        | Found a snail-covered altar of Cheibriados.
    43 | D        | Found a radiant altar of Vehumet.
    43 | D        | Found a corrupted altar of Lugonu.
    45 | D        | Became a worshipper of Trog the Wrathful
    61 | D        | Reached * piety under Trog
    62 | D        | Reached XP level 2. HP: 28/28 MP: 1/1
    68 | D        | Reached skill level 5 in Fighting
    68 | D        | Reached skill level 5 in Armour
    68 | D        | Reached skill level 5 in Shields
    71 | D        | Noticed an orc warrior
    79 | D        | Reached ** piety under Trog
    80 | D        | Reached XP level 3. HP: 35/36 MP: 2/2
    86 | D        | HP: 1/55 [orc warrior/+0 battleaxe (5)]
    87 | D        | Mangled by an orc warrior

Illustrated notes

Levels and vault maps discovered:
D:        pitsprint [storerooms_1, entrance_room_1, metal_vault_3, armoury_3,
          mini_pit_1, grid_room_1, main_hall_1, silver_pit, the_coven_2,
          the_vestibule_1, steel_vault_5, golden_pit, hallway_of_sentries,
          crystal_vault_3, iron_vault_1, final_vault]

Skill      XL: |  1  2 |
---------------+-------+-----
Fighting       | 4 5 |  5.9
Armour         | 4 5 |  5.9
Shields        | 4 5 |  5.9
Axes           | 3 |  3.7
Dodging        | |  0.4

Action                     || total
---------------------------++-------
  Melee: War axe           ||    20
         Headbutt          ||     3
 Invoke: Berserk           ||     1
 Armour: Scale mail        ||    20
  Dodge: Dodged            ||    17
  Block: Buckler           ||    10
